 Dungeon Crawl Stone Soup version 0.25.1-1-g288607f5aa (webtiles) character file.

Game seed: 3172429875332955127

39 DerDa the Grave Robber (level 3, -2/24 HPs)
             Began as a Mummy Necromancer on July 27, 2020.
             Slain by Sigmund
             ... wielding a +0 scythe
              (14 damage)
             ... on level 2 of the Dungeon.
             The game lasted 00:05:08 (1606 turns).

DerDa the Grave Robber (Mummy Necromancer)          Turns: 1606, Time: 00:05:09

Health: -2/24      AC:  3    Str: 11    XL:     3   Next: 26%
Magic:  5/8        EV: 12    Int: 15    God:
Gold:   67         SH:  0    Dex: 12    Spells: 5/9 levels left

rFire    x . .     SeeInvis .   g - +0 hand axe (freeze)
rCold    + . .     Gourm    .   (no shield)
rNeg     + + +     Faith    .   a - +0 robe
rPois    ∞         Spirit   .   (no helmet)
rElec    .         Reflect  .   (no cloak)
rCorr    .         Harm     .   b - +0 pair of gloves
MR       .....                  (no boots)
Stlth    ++........             (no amulet)
HPRegen  0.08/turn              (no ring)
MPRegen  0.11/turn              (no ring)

@: no status effects
A: no food or potions, fire vulnerability, cold resistance 1, negative energy
resistance 3, torment resistance, unbreathing
a: no special abilities


You were on level 2 of the Dungeon.
You were not hungry.

You visited 1 branch of the dungeon, and saw 2 of its levels.

You collected 67 gold pieces.

Inventory:

Hand Weapons
 f - a +0 club
 g - a +0 hand axe of freezing (weapon)
Missiles
 h - 6 stones (quivered)
Armour
 a - a +0 robe (worn)
 b - a +0 pair of gloves (worn)
Scrolls
 c - 2 scrolls of identify {unknown}
 d - 4 scrolls of blinking {unknown}
 e - a scroll of magic mapping {unknown}
 i - a scroll of amnesia {unknown}


   Skills:
 - Level 1.5 Dodging
 - Level 1.5 Stealth
 * Level 3.8 Spellcasting
 * Level 4.6 Necromancy


You had 5 spell levels left.
You knew the following spells:

 Your Spells              Type           Power        Failure   Level  Hunger
a - Pain                  Necr           ###.         2%          1    N/A
b - Vampiric Draining     Necr           ###.......   9%          3    N/A

Your spell library contained the following spells:

 Spells                   Type           Power        Failure   Level  Hunger
 Animate Skeleton         Necr           N/A          2%          1    N/A
 Animate Dead             Necr           N/A          28%         4    N/A
 Agony                    Necr           ###.....     61%         5    N/A

Dungeon Overview and Level Annotations

Branches:
Dungeon (2/15)

Altars:

Annotations:
D:2 Sigmund


Innate Abilities, Weirdness & Mutations

You do not eat or drink.
Your flesh is vulnerable to fire.
You are immune to poison.
Your flesh is cold resistant. (rC+)
You are immune to negative energy. (rN+++)
You are immune to unholy pain and torment.
You can survive without breathing.


Message History

Aim: Sigmund, wielding a +0 scythe and wearing a +0 robe (moderately wounded, unusually resistant, chance to defeat MR: 81%) Sigmund writhes in agony.
Casting: Pain (safe; 2% risk of failure)
Confirm with . or Enter, or press ? or * to list all spells.
Aiming: Pain (safe; 2% risk of failure)
Press: ? - help, Shift-Dir - straight line, f/p - Sigmund
Aim: Sigmund, wielding a +0 scythe and wearing a +0 robe (moderately wounded, unusually resistant, chance to defeat MR: 81%) Sigmund writhes in agony.
Sigmund closely misses you.
Sigmund mumbles some strange words.
Sigmund flickers and vanishes!
Deactivating autopickup; reactivate with Ctrl-A.
There is an open door here.
You are confused.
You're too confused to move!
You bump into the rock wall.
You bump into the rock wall.
You feel less confused. Something hits you!
Ouch! That really hurt!
You die...

#..........# #.....
#..........# #.....
#..........#############.....
#..........'.................
#...).†....#############.....
#..........'.................
#.......†..####....######)...
#.....)<...####....# #....
###.........@.{K...# #....
################.######....
#.#....'.... #.#.####....
#.K..K.'.... ###.####.... #.#
#.... #.# ###'# #.# .#


You could see a kobold.

Vanquished Creatures
  A dart slug (D:1)
  3 giant cockroaches
  5 hobgoblins
  3 jackals (D:1)
  6 kobolds
  2 ball pythons (D:1)
  3 bats (D:1)
  4 frilled lizards (D:1)
  4 goblins
  4 rats
35 creatures vanquished.

Vanquished Creatures (others)
  A jackal (D:1)
  A frilled lizard (D:1)
  A goblin (D:1)
3 creatures vanquished.

Grand Total: 38 creatures vanquished

Notes
Turn   | Place    | Note
-------+----------+-------------------------------------------
     0 | D:1      | DerDa the Mummy Necromancer began the quest for the Orb.
     0 | D:1      | Reached XP level 1. HP: 13/13 MP: 4/4
   345 | D:1      | Reached XP level 2. HP: 19/19 MP: 4/6
  1217 | D:1      | Reached XP level 3. HP: 24/24 MP: 8/8
  1222 | D:1      | Learned a level 3 spell: Vampiric Draining
  1582 | D:2      | Noticed Sigmund
  1606 | D:2      | Slain by Sigmund

Illustrated notes

Levels and vault maps discovered:
D:1:      dpeg_arrival_three_smaller_balls, layout_basic, lemuel_old_faithful
D:2:      layout_basic, uniq_sigmund, uniq_crazy_yiuf_cottage

Skill      XL: |  1 |
---------------+----+-----
Spellcasting   | 3 |  3.8
Dodging        | |  1.5
Stealth        | |  1.5
Necromancy     | |  4.6

Action                   || total
-------------------------++-------
Melee: Unarmed           ||     2
       Hand axe          ||    10
 Cast: Pain              ||    56
 Stab: Sleeping          ||     1
Armor: Robe              ||     9
Dodge: Dodged            ||    18
